 Dungeon Crawl Stone Soup version 0.13.0-29-gdb529de (webtiles) character file.

12167 Impy the Fighter (level 11, -2/86 HPs)
             Began as a Demonspawn Gladiator on Nov 5, 2013.
             Was the Champion of Okawaru.
             Slain by a death yak (26 damage)
             ... on Level 5 of the Lair of Beasts.
             The game lasted 00:43:59 (12638 turns).

Impy the Fighter (Demonspawn Gladiator)            Turns: 12638, Time: 00:44:00

HP  -2/86        AC 11     Str 16      XL: 11   Next: 52%
MP   9/10        EV 21     Int 12      God: Okawaru [******]
Gold 516         SH  0     Dex 14      Spells:  0 memorised, 10 levels left

Res.Fire  : . . .   See Invis. : .   e - +3,+1 hand axe (flame)
Res.Cold  : + . .   Warding    : .   i - +2 robe of Thahufig {Acc+3 Dam+5}
Life Prot.: . . .   Conserve   : .   (no shield)
Res.Poison: +       Res.Corr.  : .   c - +1 helmet
Res.Elec. : +       Clarity    : .   (no cloak)
Sust.Abil.: . .     Spirit.Shd : .   A - +0 pair of gauntlets
Res.Mut.  : .       Stasis     : .   (no boots)
Res.Rott. : .       Flight     : .   E - amulet of faith
Saprovore : . . .                    s - ring of poison resistance
                                     j - ring of flight

@: heroism, somewhat resistant to hostile enchantments, stealthy
A: hooves 2, cold resistance 1, conserve potions, spiny 1, AC +4
a: Heroism, Finesse, Renounce Religion, Evoke Flight


You were on level 5 of the Lair of Beasts.
You worshipped Okawaru.
Okawaru was exalted by your worship.
You were not hungry.

You visited 3 branches of the dungeon, and saw 15 of its levels.

You collected 496 gold pieces.

Inventory:

Hand weapons
 a - a +0,+0 trident
 d - a +4,+0 executioner's axe of chopping
 e - a +3,+1 hand axe of flaming (weapon)
 h - the +12,+5 halberd of the Five Stars {chop, rElec MR++ SInv Stlth- Curse}
   (Okawaru gifted it to you on level 5 of the Lair of Beasts)

   It inflicts extra damage upon your enemies.
   It insulates you from electricity.
   It affects your resistance to hostile enchantments.
   It enhances your eyesight.
   It may recurse itself.
   It makes you much less stealthy.
 n - a +2,+2 scythe of dragon slaying
 p - a +0,+1 sling of flame
 u - a cursed +2,+4 orcish trident
 w - the cursed +3,-2 dagger of the Hierophant {stab, rF+ rC+ rN+ Dex-1}
   (You found it on level 4 of the Dungeon)

   It inflicts extra damage upon your enemies.
   It affects your dexterity (-1).
   It protects you from fire.
   It protects you from cold.
   It protects you from negative energy.
   It has a curse placed upon it.
 B - a +0,+0 dwarven war axe
 J - a +3,+4 dagger of chaos
Missiles
 q - 43 sling bullets
 U - 2 javelins (quivered)
Armour
 c - a +1 helmet (worn)
 i - the +2 robe of Thahufig (worn) {Acc+3 Dam+5}
   (You found it on level 8 of the Dungeon)

   It affects your accuracy (+3).
   It affects your damage-dealing abilities (+5).
 t - a +2 robe of fire resistance
 A - a +0 pair of gauntlets (worn)
 M - a +2 robe of magic resistance
Magical devices
 b - a wand of disintegration (12)
 v - a wand of paralysis (8) {unknown}
 x - a wand of digging (2)
 N - a wand of lightning (2)
Comestibles
 f - 8 bread rations
 k - 3 meat rations
 I - an apple
 K - an apricot
 Q - 6 beef jerkies
 S - a cheese
Scrolls
 g - 6 scrolls of remove curse
 o - 5 scrolls of enchant armour
 r - 4 scrolls of magic mapping
 z - 4 scrolls of teleportation
 C - 2 scrolls of enchant weapon II
 D - 3 scrolls of blinking
 F - a scroll of fear
 H - 2 scrolls of amnesia
 L - 3 scrolls of enchant weapon I
Jewellery
 j - a ring of flight (left hand)
 l - an uncursed ring of magical power {unknown}
 s - a ring of poison resistance (right hand)
 E - an amulet of faith (around neck)
 G - a cursed amulet of stasis
 R - an uncursed ring of sustain abilities {unknown}
Potions
 T - a potion of agility
Books
 m - a book of Dreams

   Spells                             Type                      Level
   Ensorcelled Hibernation            Hexes/Ice                    2
   Flight                             Charms/Air                   3
   Phase Shift                        Translocation                5
   Shadow Creatures                   Summoning                    5
   Mass Confusion                     Hexes                        6
   Darkness                           Hexes                        7
 P - a book of Frost

   Spells                             Type                      Level
   Freeze                             Ice                          1
   Throw Frost                        Conjuration/Ice              2
   Ozocubu's Armour                   Charms/Ice                   3
   Throw Icicle                       Conjuration/Ice              4
   Summon Ice Beast                   Ice/Summoning                4
   Condensation Shield                Ice                          4
Magical staves
 y - an uncursed staff of cold {unknown}
 O - an uncursed staff of conjuration {unknown}


   Skills:
 + Level 10.8(15.8) Fighting
 + Level 10.0(15.0) Axes
 - Level 2.8(7.8) Polearms
 - Level 1.7(6.7) Throwing
 + Level 10.1(15.1) Dodging


You had 10 spell levels left.
You didn't know any spells.

Dungeon Overview and Level Annotations

Branches:
Dungeon (8/27)             Temple (1/1) D:5             Orc (0/4) D:6
   Lair (6/8) D:8           Swamp (0/5) Lair:5        Snake (0/5) Lair:3
  Slime: Lair:6-8

Altars:
Ashenzari
Cheibriados
Fedhas
Kikubaaqudgha
Nemelex Xobeh
Okawaru
Sif Muna
Trog
Vehumet
Xom
Yredelemnul
the Shining One

Shops:
D:8 /


Innate Abilities, Weirdness & Mutations

You have hoof-like feet.
You are completely covered in thin metallic scales (AC +4, rElec).
Your flesh is cold resistant.
You are very good at protecting items from cold.
You are partially covered in sharp spines.


Message History

You slash the death yak! You burn the death yak. You kick the death yak!
The death yak is heavily wounded.
You hit the death yak. You burn the death yak. You kick the death yak!
The death yak is heavily wounded.
The death yak gores you.
You hit the death yak but do no damage.
The death yak is heavily wounded.
You hit the death yak but do no damage.
The death yak is heavily wounded.
The death yak gores you!
* * * LOW HITPOINT WARNING * * *
You slash the death yak! You burn the death yak!
The death yak is severely wounded.
The death yak completely misses you.
You hit the death yak but do no damage. Your kick misses the death yak.
The death yak is severely wounded.
You hit the death yak but do no damage. You kick the death yak.
The death yak is severely wounded.
The death yak gores you!
You die...

##.......###...## ##......
##.........f....####.#.....
#....P......f..##..........
#..P..............#........
#.#P...........##..........
####P.......#...#.f........
##f....................+..
#f..###........#..f..##.##
###.#....@.P.....................
### ##.#.............P##...#
#.####'.#.......#.....#...#.
##...............#...f.#..+.#
#P.......#...f#...##........#


You could see a death yak.

Vanquished Creatures
  Erica (Lair:4)
  A death yak (Lair:6)
  2 black mambas (Lair:5)
  Psyche (D:8)
  2 spiny frogs
  A fire drake (D:8)
  A wandering mushroom (Lair:5)
  3 blink frogs (Lair:5)
  A griffon skeleton (D:8)
  A grizzly bear (Lair:4)
  A yak (Lair:1)
  5 hippogriffs
  Menkaure (D:5)
  10 wolves
  2 sky beasts
  An ice beast (D:7)
  A black bear (D:6)
  6 porcupines
  2 orc warriors
  6 ogres
  3 centaurs
  4 giant goldfish (Lair:5)
  3 crocodiles
  Sigmund (D:3)
  Duvessa (D:8)
  A giant slug (Lair:1)
  Blork the orc (D:7)
  7 giant frogs
  3 water moccasins
  2 agate snails
  3 jellyfish (Lair:5)
  10 crimson imps
  A hippogriff skeleton (D:7)
  Dowan (D:8)
  6 orc priests
  2 goliath beetles
  3 hounds
  An electric eel (Lair:5)
  7 iguanas
  2 big fish (Lair:5)
  A scorpion (D:4)
  5 orc wizards
  2 worker ants
  10 gnolls
  10 green rats
  12 adders
  A giant centipede (Lair:1)
  A worm (D:4)
  An iguana zombie (D:7)
  An adder skeleton (D:4)
  A giant eyeball (D:5)
  4 giant geckos
  39 orcs
  9 giant cockroaches
  9 goblins
  11 hobgoblins
  9 jackals
  12 kobolds
  6 quokkas
  A ball python (D:6)
  17 bats
  6 giant newts
  A hobgoblin skeleton (D:7)
  A hobgoblin zombie (D:7)
  An orc skeleton (D:7)
  2 orc zombies
  17 rats
  A plant (Lair:5)
302 creatures vanquished.

Vanquished Creatures (others)
  3 fungi
3 creatures vanquished.

Grand Total: 305 creatures vanquished

Notes
Turn   | Place    | Note
--------------------------------------------------------------
     0 | D:1      | Impy, the Demonspawn Gladiator, began the quest for the Orb.
     0 | D:1      | Reached XP level 1. HP: 17/17 MP: 0/0
   234 | D:1      | Gained mutation: You are partially covered in thin metallic scales (AC +2). [demonic ancestry]
   234 | D:1      | Reached XP level 2. HP: 20/23 MP: 1/1
   582 | D:1      | Reached skill level 3 in Dodging
   690 | D:1      | Reached skill level 1 in Axes
   804 | D:1      | Reached XP level 3. HP: 29/29 MP: 2/2
  1188 | D:2      | Gained mutation: You have large cloven feet. [potion of mutation]
  1188 | D:2      | Gained mutation: You can translocate small distances at will. [potion of mutation]
  1188 | D:2      | Lost mutation: You can translocate small distances at will. [potion of mutation]
  1232 | D:2      | Found a radiant altar of Vehumet.
  1861 | D:3      | Gained mutation: You are partially covered in sharp spines. [demonic ancestry]
  1861 | D:3      | Reached XP level 4. HP: 24/35 MP: 3/3
  2128 | D:3      | Noticed Sigmund
  2151 | D:3      | Killed Sigmund
  2151 | D:3      | Gained mutation: Your flesh is cold resistant. [demonic ancestry]
  2151 | D:3      | Reached XP level 5. HP: 16/41 MP: 4/4
  2564 | D:3      | Reached skill level 4 in Fighting
  2568 | D:3      | Gained mutation: You are very good at protecting items from cold. [demonic ancestry]
  2568 | D:3      | Reached XP level 6. HP: 36/48 MP: 5/5
  2811 | D:3      | Found a blossoming altar of Fedhas.
  3264 | D:4      | Got a bone dagger
  3451 | D:4      | Found a glowing golden altar of the Shining One.
  3545 | D:5      | Entered Level 5 of the Dungeon
  3624 | D:5      | Found a basalt altar of Yredelemnul.
  3712 | D:5      | Gained mutation: You have hoof-like feet. [demonic ancestry]
  3712 | D:5      | Reached XP level 7. HP: 54/54 MP: 6/6
  3754 | D:5      | Noticed Menkaure
  3868 | D:4      | You fall through a shaft!
  3876 | D:6      | Reached skill level 5 in Fighting
  3906 | D:6      | Reached skill level 5 in Dodging
  4089 | D:6      | Found a staircase to the Orcish Mines.
  4159 | D:6      | Identified the cursed +3,-2 dagger of the Hierophant {stab, rF+ rC+ rN+ Dex-1} (You found it on level 4 of the Dungeon)
  4221 | D:5      | Reached skill level 5 in Axes
  4237 | D:5      | Paralysed by a potion of paralysis for 4 turns
  4266 | D:5      | Found a staircase to the Ecumenical Temple.
  4276 | Temple   | Entered the Ecumenical Temple
  4390 | Temple   | Became a worshipper of Warmaster Okawaru
  4607 | D:5      | Gained mutation: You are mostly covered in thin metallic scales (AC +3). [demonic ancestry]
  4607 | D:5      | Reached XP level 8. HP: 18/61 MP: 7/7
  4824 | D:5      | Killed Menkaure
  4954 | D:5      | Reached skill level 6 in Fighting
  5224 | D:6      | Acquired Okawaru's first power
  5516 | D:7      | Noticed Blork the orc
  5527 | D:7      | Killed Blork the orc
  5749 | D:7      | Reached skill level 7 in Fighting
  5778 | D:7      | Gained mutation: You are completely covered in thin metallic scales (AC +4, rElec). [demonic ancestry]
  5778 | D:7      | Reached XP level 9. HP: 68/68 MP: 8/8
  5992 | D:7      | Found a bloodstained altar of Trog.
  6658 | D:8      | Noticed Psyche
  6669 | D:8      | Killed Psyche
  6922 | D:8      | Reached skill level 8 in Fighting
  6962 | D:8      | Found a staircase to the Lair.
  6962 | D:8      | Noticed a fire drake
  6973 | D:8      | Killed a fire drake
  6999 | D:8      | Got a distressingly furry robe
  7542 | D:8      | Found Motiusot's Magical Wand Boutique.
  7601 | D:8      | Noticed Dowan
  7670 | D:8      | Noticed Duvessa
  7688 | D:8      | Killed Duvessa
  7692 | D:8      | Killed Dowan
  7793 | Lair:1   | Entered Level 1 of the Lair of Beasts
  7801 | Lair:1   | Reached XP level 10. HP: 68/77 MP: 9/9
  8017 | Lair:1   | Noticed a spiny frog
  8026 | Lair:1   | Killed a spiny frog
  8529 | Lair:1   | Noticed a seven-headed hydra
  8541 | Lair:1   | stonewall: Привет
  8546 | Lair:1   | Impy: yo
  8599 | Lair:1   | Reached skill level 9 in Fighting
  9156 | Lair:2   | Acquired Okawaru's second power
  9559 | Lair:3   | Noticed an eight-headed hydra
  9565 | Lair:3   | Found a staircase to the Snake Pit.
 10419 | Lair:4   | Noticed Erica
 10428 | Lair:4   | Killed Erica
 10607 | Lair:4   | Reached skill level 10 in Fighting
 11235 | Lair:5   | Noticed a black mamba
 11247 | Lair:5   | Killed a black mamba
 11247 | Lair:5   | Received a gift from Okawaru
 11247 | Lair:5   | Reached XP level 11. HP: 61/85 MP: 10/10
 11251 | Lair:5   | Got a bloodstained halberd {god gift}
 11393 | Lair:5   | Identified the halberd of the Five Stars {god gift, chop, rElec MR++ SInv Stlth- Curse} (Okawaru gifted it to you on level 5 of the Lair of Beasts)
 11449 | Lair:5   | Noticed a black mamba
 11464 | Lair:5   | Killed a black mamba
 11501 | Lair:5   | Identified the +2 robe of Thahufig {Acc+3 Dam+5} (You found it on level 8 of the Dungeon)
 12100 | Lair:5   | Found a staircase to the Swamp.
 12318 | Lair:5   | Reached skill level 10 in Dodging
 12321 | Lair:5   | Received a gift from Okawaru
 12379 | Lair:6   | Noticed a death yak
 12412 | Lair:6   | Killed a death yak
 12412 | Lair:6   | Reached skill level 10 in Axes
 12440 | Lair:6   | Noticed a death yak
 12615 | Lair:6   | Noticed a death yak
 12615 | Lair:6   | Noticed a death yak
 12616 | Lair:6   | Noticed a death yak
 12638 | Lair:5   | Slain by a death yak

Action                   |  1- 3 |  4- 6 |  7- 9 | 10-12 || total
-------------------------+-------+-------+-------+-------++-------
Melee: Trident           |    24 |       |       |       ||    24
       Hand axe          |    87 |   169 |   336 |   460 ||  1052
       Halberd           |       |       |       |     5 ||     5
 Fire: Sling             |    14 |     6 |     9 |       ||    29
Throw: Throwing net      |     2 |     6 |     4 |     1 ||    13
       Javelin           |       |       |     7 |     4 ||    11
       Dagger            |       |       |       |     1 ||     1
Invok: Heroism           |       |       |     5 |     2 ||     7
Evoke: Wand              |       |     2 |     5 |     1 ||     8
  Use: Scroll            |     9 |     7 |     5 |     4 ||    25
       Potion            |     4 |     4 |     5 |     4 ||    17
 Stab: Held in net/web   |     1 |     2 |     5 |       ||     8
